 Dungeon Crawl Stone Soup version 0.30.0-11-gf55b779eaf (webtiles) character file.

Game seed: 17412333511076714994

399 LustLizard the Digger (level 6, -6/36 HPs)
             Began as a Gargoyle Earth Elementalist on May 17, 2023.
             Was a Follower of Vehumet.
             Mangled by a wyvern (9 damage)
             ... on level 4 of the Dungeon.
             The game lasted 00:06:47 (3741 turns).

LustLizard the Digger (Gargoyle Earth Elementalist) Turns: 3741, Time: 00:06:48

Health: -6/36      AC:  9    Str: 11    XL:     6   Next: 84%
Magic:  0/10       EV: 11    Int: 18    God:    Vehumet [*.....]
Gold:   166        SH:  0    Dex:  7    Spells: 7/11 levels left

rFire   + + .        e - +3 short sword (venom)
rCold   + + +        (no shield)
rNeg    + . .        l - +0 leather armour
rPois   ∞            (no helmet)
rElec   +            (no cloak)
rCorr   +            g - +0 pair of gloves
SInv    .            r - +0 pair of boots
Will    .....        (no amulet)
Stlth   +++          f - ring of protection from fire
HPRegen 0.26/turn    s - ring of Uwe Xeix {rF+ rC+++ rCorr Dex-3 Stlth+}
MPRegen 0.12/turn

%: no passive effects
@: no status effects
A: sickness immunity, AC +4, negative energy resistance 1, electricity
resistance, torment resistance 1, petrification resistance
a: Renounce Religion


You were on level 4 of the Dungeon.
You worshipped Vehumet.
Vehumet was aware of your devotion.
You visited 1 branch of the dungeon, and saw 4 of its levels.

You collected 226 gold pieces.
You spent 60 gold pieces at shops.

Inventory:

Hand Weapons
 e - a +3 short sword of venom (weapon)
Armour
 a - a +0 robe
 g - a +0 pair of gloves (worn)
 l - a +0 leather armour (worn)
 r - a +0 pair of boots (worn)
 u - a +2 scale mail of fire resistance
Jewellery
 f - a ring of protection from fire (left hand)
 s - the ring of Uwe Xeix (right hand) {rF+ rC+++ rCorr Dex-3 Stlth+}
   (You found it on level 3 of the Dungeon)

   [ring of resist corrosion]

   Dex:       It affects your dexterity (-3).
   rF:        It protects you from fire.
   rC:        It renders you almost immune to cold.
   rCorr:     It protects you from acid and corrosion.
   Stlth:     It makes you more stealthy.
Wands
 v - a wand of digging (6)
Scrolls
 c - a scroll of fog {unknown}
 i - a scroll of enchant armour {unknown}
 j - a scroll of immolation {unknown}
 k - a scroll of fear {unknown}
 m - 3 scrolls of teleportation
 o - a scroll of noise {unknown}
 t - a scroll of summoning {unknown}
 w - a scroll of identify
Potions
 b - a potion of magic
 d - 6 potions of curing
 h - a potion of haste {unknown}
 n - a potion of mutation {unknown}
 p - 2 potions of attraction {unknown}
 q - 4 potions of flight {unknown}


   Skills:
 + Level 2.5 Fighting
 - Level 1.5 Dodging
 + Level 3.7 Stealth
 + Level 3.0 Spellcasting
 * Level 3.4 Conjurations
 - Level 0.7 Transmutations
 * Level 5.8 Earth Magic


You had 7 spell levels left.
You knew the following spells:

 Your Spells              Type           Power      Damage    Failure   Level
a - Sandblast             Erth           46%        2d11      1%          1
b - Stone Arrow           Conj/Erth      38%        3d9       10%         3

Your spell library contained the following spells:

 Spells                   Type           Power      Damage    Failure   Level
 Magic Dart               Conj           60%        1d6       5%          1
 Passwall                 Tmut/Erth      11%        N/A       9%          2
 Beastly Appendage        Tmut           10%        N/A       16%         1
 Wereblood                Tmut           5%         N/A       24%         2
 Spider Form              Tmut/Pois      4%         N/A       50%         3
 Petrify                  Tmut/Erth      14%        N/A       50%         4


Dungeon Overview and Level Annotations

Branches:
Dungeon (4/15)
 Temple: D:4-7

Altars:
Sif Muna
Vehumet
Yredelemnul

Shops:
D:1 *

Annotations:
D:4 3 runed translucent doors, Dinohead20's ghost, amateur TrEE


Innate Abilities, Weirdness & Mutations

You are immune to sickness and miasma.
Your stone body is resilient. (AC +4)
You are immune to poison.
You resist negative energy. (rN+)
You are resistant to electric shocks. (rElec)
You are resistant to unholy torment.
You are immune to petrification.


Message History

The hound barks!
You hear an angry hiss.
The blast of sand hits the hound.
The hound is lightly wounded.
A wyvern comes into view.
The hound barely misses you. x2
The blast of sand hits the hound!
The hound is almost dead.
The hound completely misses you. The hound bites you but does no damage.
The wyvern completely misses you.
The blast of sand hits the hound!
You kill the hound!
Vehumet accepts your kill. The wyvern closely misses you. The wyvern bites you.
The blast of sand hits the wyvern!
The wyvern is heavily wounded.
The wyvern barely misses you. The wyvern closely misses you.
The blast of sand hits the wyvern but does no damage.
The wyvern is heavily wounded.
The wyvern bites you! The wyvern closely misses you. The wyvern bites you!
You are too injured to fight recklessly!
Casting: Sandblast (safe; 1% risk of failure)
Confirm with . or Enter, or press ? or * to list all spells.
The spell is quite dangerous to miscast (10% risk of failure)!
Continue anyway?
Aiming: Stone Arrow (quite dangerous; 10% risk of failure)
Press: ? - help, Shift-Dir - straight line, f/p - wyvern
Aim: a wyvern (moderately wounded, 68% to hit)
The stone arrow hits the wyvern!
The wyvern is severely wounded.
The wyvern bites you!
* * * LOW HITPOINT WARNING * * *
Casting: Stone Arrow (quite dangerous; 10% risk of failure)
Confirm with . or Enter, or press ? or * to list all spells.
The spell is quite dangerous to miscast (10% risk of failure)!
Continue anyway?
Aiming: Stone Arrow (quite dangerous; 10% risk of failure)
Press: ? - help, Shift-Dir - straight line, f/p - wyvern
Aim: a wyvern (severely wounded, 68% to hit)
The stone arrow hits the wyvern!
The wyvern is almost dead.
The wyvern bites you!
You die...

#.##...............
####.##########.######
#..........# #.#
#.##.##.##.# #.# #
#.##.##.# ##'##
#.##.##.###...##
#....##.##.....##
###.##..#.##.#.......##
#.....†@..##..........##
#.#.#..l..............†.
#.....###...........##
###...# #.##.......##
#.#.# #.###.....## .....
##...## ##.### ##'# #.
#. #


You could see a wyvern.

Vanquished Creatures
  A scorpion (D:4)
  An orc priest (D:4)
  A hound (D:4)
  An iguana (D:4)
  Ijyb (D:4)
  2 scorpion zombies (D:4)
  Natasha (D:4)
  5 adders
  3 gnolls
  5 worms
  2 dart slugs
  3 orcs (D:4)
  4 endoplasms
  4 giant cockroaches
  5 goblins
  2 hobgoblins
  3 quokkas
  9 ball pythons
  6 bats
  4 frilled lizards
  8 kobolds
  2 rats
73 creatures vanquished.

Notes
Turn   | Place    | Note
-------+----------+-------------------------------------------
     0 | D:1      | LustLizard the Gargoyle Earth Elementalist began the quest
                  | for the Orb.
     0 | D:1      | Reached XP level 1. HP: 10/10 MP: 3/3
   203 | D:1      | Found Ubebajur's General Store.
   250 | D:1      | Reached XP level 2. HP: 16/16 MP: 3/5
   411 | D:1      | Reached skill level 4 in Earth Magic
   648 | D:1      | Bought a scroll of identify for 24 gold pieces
   661 | D:2      | Found a faded altar of an unknown god.
   711 | D:2      | Found a shimmering blue altar of Sif Muna.
   843 | D:1      | Bought a scroll of teleportation for 36 gold pieces
   972 | D:2      | Reached skill level 1 in Fighting
   972 | D:2      | Reached XP level 3. HP: 20/20 MP: 2/6
  1018 | D:2      | Learned a level 3 spell: Stone Arrow
  1769 | D:3      | Found a radiant altar of Vehumet.
  1807 | D:3      | Became a worshipper of Vehumet
  1851 | D:3      | Identified the ring of Uwe Xeix {rF+ rC+++ rCorr Dex-3
                  | Stlth+}
  1956 | D:3      | Reached skill level 1 in Conjurations
  2411 | D:3      | Reached XP level 4. HP: 25/25 MP: 1/7
  2680 | D:4      | Reached * piety under Vehumet
  2680 | D:4      | Offered knowledge of Magic Dart by Vehumet.
  2757 | D:4      | Noticed an ogre
  2824 | D:4      | Noticed a scorpion
  2828 | D:4      | Killed a scorpion
  2829 | D:4      | Reached skill level 5 in Earth Magic
  2829 | D:4      | Reached XP level 5. HP: 30/30 MP: 3/9
  2939 | D:4      | Noticed Ijyb
  2953 | D:4      | Killed Ijyb
  3191 | D:4      | Reached XP level 6. HP: 35/35 MP: 5/10
  3238 | D:4      | Found a runed translucent gate.
  3238 | D:4      | Found a runed translucent gate.
  3238 | D:4      | Found a runed translucent gate.
  3238 | D:4      | Noticed Dinohead20's ghost (amateur TrEE)
  3338 | D:4      | Found a basalt altar of Yredelemnul.
  3710 | D:4      | Noticed Natasha
  3712 | D:4      | Killed Natasha
  3734 | D:4      | Noticed a wyvern
  3741 | D:4      | Mangled by a wyvern

Illustrated notes

Levels and vault maps discovered:
D:1:      reono_arrival_mine, layout_rooms, serial_shops, shop_statue
D:2:      cheibrodos_old_hovel, layout_basic, basic_altar,
          nicolae_ecumenical_oubliette
D:3:      minmay_octagon_keep, layout_rooms, fiery_altar_vehumet
D:4:      layout_loops_corners, nicolae_yredelemnul_ghost_church,
          gammafunk_ghost_grave, uniq_natasha, uniq_eustachio, uniq_ijyb

Skill      XL: |  1  2  3  4  5  6 |
---------------+-------------------+-----
Earth Magic    | 4 5 |  5.8
Fighting       | 1 2 |  2.5
Conjurations   | 1 2 3 |  3.4
Stealth        | 3 |  3.7
Spellcasting   | 3 |  3.0
Dodging        | |  1.5
Transmutations | |  0.7

Action                     |  1- 3 |  4- 6 || total
---------------------------+-------+-------++-------
  Melee: Short sword       |     4 |    12 ||    16
   Cast: Sandblast         |    57 |    75 ||   132
         Stone Arrow       |       |     2 ||     2
    Use: Scroll            |     1 |       ||     1
 Armour: Robe              |     1 |       ||     1
         Leather armour    |     7 |    15 ||    22
  Dodge: Dodged            |    13 |    30 ||    43
